 Dungeon Crawl Stone Soup version 0.24.1-14-gf8d2b509d9 (webtiles) character file.

Game seed: 2691402583513791866, levelgen mode: deterministic

56 Gruesph the Poker (level 3, -3/29 HPs)
             Began as a Merfolk Skald on May 16, 2020.
             Slain by Natasha (6 damage)
             ... on level 2 of the Dungeon.
             The game lasted 00:11:01 (2092 turns).

Gruesph the Poker (Merfolk Skald)                   Turns: 2092, Time: 00:11:02

Health: -3/29      AC:  3    Str: 12    XL:     3   Next: 97%
Magic:  2/6        EV: 12    Int: 12    God:
Gold:   62         SH:  0    Dex: 13    Spells: 0/6 levels left

rFire    . . .     SeeInvis .   a - +0 spear
rCold    . . .     Gourm    .   (no shield)
rNeg     . . .     Faith    .   b - +0 leather armour
rPois    .         Spirit   .   (no helmet)
rElec    .         Reflect  .   (no cloak)
rCorr    .         Harm     .   (no gloves)
MR       .....                  (no boots)
Stlth    ++........             (no amulet)
HPRegen  0.09/turn              (no ring)
MPRegen  0.10/turn              (no ring)

@: infused (expiring)
A: change form in water, swift swim, stealthy swim
a: no special abilities


You were on level 2 of the Dungeon.
You were not hungry.

You visited 1 branch of the dungeon, and saw 2 of its levels.

You collected 62 gold pieces.

Inventory:

Hand Weapons
 a - a +0 spear (weapon)
Missiles
 d - 139 stones (quivered)
Armour
 b - a +0 leather armour (worn)
Scrolls
 e - a scroll of magic mapping {unknown}
 h - a scroll of enchant armour {unknown}
 i - a scroll of amnesia {unknown}
 j - 3 scrolls of identify {unknown}
 m - a scroll of fear {unknown}
 n - a scroll of immolation {unknown}
 o - a scroll of noise {unknown}
Potions
 c - a potion of magic {unknown}
 g - a potion of mutation {unknown}
 k - a potion of curing
 l - a potion of berserk rage {unknown}
 p - 2 potions of invisibility {unknown}
Comestibles
 f - 2 rations
 q - 3 chunks of flesh


   Skills:
 - Level 3.0 Fighting
 + Level 4.2 Polearms
 - Level 0.6 Armour
 - Level 2.6 Dodging
 - Level 2.0 Stealth
 - Level 2.0 Spellcasting
 + Level 3.5 Charms


You couldn't memorise any spells.
You knew the following spells:

 Your Spells              Type           Power        Failure   Level  Hunger
a - Infusion              Chrm           #...         9%          1    ##.....
b - Song of Slaying       Chrm           #.......     12%         2    ###....
c - Regeneration          Chrm/Necr      #.........   45%         3    ####...

Your spell library contained the following spells:

 Spells                   Type           Power        Failure   Level  Hunger
 Shroud of Golubria       Chrm/Tloc      #.....       26%         2    ###....
 Spectral Weapon          Hex/Chrm       #.......     45%         3    ####...


Dungeon Overview and Level Annotations

Branches:
Dungeon (2/15)

Altars:

Annotations:
D:1 Terence
D:2 Natasha


Message History

You barely miss Natasha.
Natasha is almost dead.
You closely miss Natasha.
Natasha is almost dead.
Natasha claws you.
* * * LOW HITPOINT WARNING * * *
You barely miss Natasha.
Natasha is almost dead.
Natasha growls.
Natasha drinks a potion.
Natasha is healed!
You closely miss Natasha.
Natasha is heavily wounded.
Natasha mumbles some strange words.
Natasha shimmers violently.
Natasha claws you.
* * * LOW HITPOINT WARNING * * *
You hit Natasha.
Natasha is almost dead.
Natasha claws you.
You die...

#w# #.#
..## #..
#.# #[#
#5# #. #h#
#. #@# #.
#.# #> #<#
#. #.#
########.
#.#
#...>.##.
#.#
#.##.....
#.#
##.#......
#.#
#.......).
#.#
#.........


You could see Natasha and a crimson imp.

Vanquished Creatures
  2 adders (D:2)
  A worm (D:2)
  A dart slug (D:2)
  6 bats
  5 goblins
  6 hobgoblins
  2 kobolds (D:2)
  A ball python (D:2)
  5 frilled lizards
  4 rats
33 creatures vanquished.

Notes
Turn   | Place    | Note
-------+----------+-------------------------------------------
     0 | D:1      | Gruesph the Merfolk Skald began the quest for the Orb.
     0 | D:1      | Reached XP level 1. HP: 16/16 MP: 3/3
   267 | D:1      | Reached skill level 1 in Stealth
   581 | D:1      | Reached XP level 2. HP: 14/23 MP: 1/5
  1411 | D:2      | Reached XP level 3. HP: 28/28 MP: 6/6
  1458 | D:2      | Learned a level 2 spell: Song of Slaying
  1462 | D:2      | Learned a level 3 spell: Regeneration
  1638 | D:2      | Reached skill level 4 in Polearms
  1832 | D:2      | Noticed Terence
  2074 | D:2      | Noticed Natasha
  2092 | D:2      | Slain by Natasha

Levels and vault maps discovered:
D:1:      dpeg_arrival_leaves_temple_mockup, layout_loops_ring, hex_medium,
          chequers_serial_rivers_micro_d, hex_large
D:2:      layout_loops_ring, uniq_natasha, uniq_terence

Skill      XL: |  1  2  3 |
---------------+----------+-----
Stealth        | 1 2 |  2.0
Fighting       | 3 |  3.0
Polearms       | 4 |  4.2
Armour         | |  0.6
Dodging        | |  2.6
Spellcasting   | |  2.0
Charms         | |  3.5

Action                   || total
-------------------------++-------
Melee: Spear             ||   126
Throw: Stone             ||    36
 Cast: Infusion          ||    11
 Stab: Sleeping          ||     4
  Eat: Chunk             ||     4
Armor: Leather armour    ||    18
Dodge: Dodged            ||    45
